 Dungeon Crawl Stone Soup version 0.29-a0-839-g4793fd635e (webtiles) character file.

Game seed: 2698256291699273607

23 Ijustatesigmund the Firebug (level 3, -1/28 HPs)
             Began as a Hill Orc Fire Elementalist on July 14, 2022.
             Slain by a gnoll
             ... wielding a +0 whip
              (3 damage)
             ... on level 1 of the Dungeon.
             The game lasted 00:01:35 (1116 turns).

Ijustatesigmund the Firebug (HOFE)                  Turns: 1116, Time: 00:01:36

Health: -1/28      AC:  2    Str: 10    XL:     3   Next: 0%
Magic:  1/5        EV: 12    Int: 17    God:
Gold:   50         SH:  0    Dex: 11    Spells: 2/5 levels left

rFire   . . .      SeeInvis .   c - +0 war axe
rCold   . . .      Faith    .   (no shield)
rNeg    . . .      Spirit   .   a - +0 robe
rPois   .          Reflect  .   (no helmet)
rElec   .          Harm     .   (no cloak)
rCorr   .          Rampage  .   (no gloves)
Will    .....                   (no boots)
Stlth   ++........              (no amulet)
HPRegen 0.09/turn               (no ring)
MPRegen 0.09/turn               (no ring)

@: no status effects
A: no striking features
a: no special abilities


You were on level 1 of the Dungeon.
You visited 1 branch of the dungeon, and saw 1 of its levels.

You collected 50 gold pieces.

Inventory:

Hand Weapons
 c - a +0 war axe (weapon)
Armour
 a - a +0 robe (worn)
Potions
 b - a potion of magic
 d - a potion of curing {unknown}
 e - a potion of brilliance {unknown}
 f - a potion of mutation {unknown}


   Skills:
 + Level 1.5 Fighting
 + Level 0.0 Axes
 - Level 1.5 Dodging
 - Level 1.5 Stealth
 - Level 1.5 Spellcasting
 + Level 1.8 Conjurations
 + Level 3.7 Fire Magic


You had 2 spell levels left.
You knew the following spells:

 Your Spells              Type           Power      Damage    Failure   Level
a - Foxfire               Conj/Fire      40%        2x1d6     7%          1
b - Scorch                Fire           28%        2d6       7%          2

Your spell library contained the following spells:

 Spells                   Type           Power      Damage    Failure   Level
 Conjure Flame            Conj/Fire      10%        6-21      21%         3
 Inner Flame              Hex/Fire       7%         N/A       28%         3
 Flame Wave               Conj/Fire      10%        2d5       54%         4


Dungeon Overview and Level Annotations

Branches:
Dungeon (1/15)

Altars:


Message History

The gnoll shouts!
You see here 5 stones.
You barely miss the gnoll. You hit the bush but do no damage.
The gnoll hits you with a +0 whip. The gnoll closely misses you.
You hit the gnoll.
The gnoll is lightly wounded.
You hit the bush but do no damage. The gnoll misses you.
You hit the gnoll but do no damage.
The gnoll is lightly wounded.
You slash the bush! The gnoll hits you with a +0 whip.
The gnoll closely misses you.
You hit the gnoll but do no damage. You hit the bush but do no damage.
The gnoll hits you with a +0 whip.
You are too injured to fight recklessly!
You are too injured to fight recklessly!
You are too injured to fight recklessly!
You are too injured to fight recklessly!
You are too injured to fight recklessly!
Casting: Foxfire (safe; 7% risk of failure)
Confirm with . or Enter, or press ? or * to list all spells.
You conjure some foxfire!
The gnoll hits you with a +0 whip.
* * * LOW HITPOINT WARNING * * *
The foxfire hits the gnoll but does no damage.
The foxfire hits the gnoll.
The gnoll is lightly wounded.
The gnoll hits you with a +0 whip.
* * * LOW HITPOINT WARNING * * *
Casting: Foxfire (safe; 7% risk of failure)
Confirm with . or Enter, or press ? or * to list all spells.
You conjure some foxfire!
The gnoll closely misses you.
The foxfire hits the gnoll.
The gnoll is moderately wounded.
The gnoll closely misses you.
Unknown command.
Casting: Foxfire (safe; 7% risk of failure)
Confirm with . or Enter, or press ? or * to list all spells.
Flames lash the gnoll.
The gnoll is almost dead.
The gnoll's fire resistance burns away.
The gnoll hits you with a +0 whip.
You die...

....##†#.#....##≈.≈###..#
.(..##.#.#..###≈≈.≈≈###(#
######.#....#P≈≈≈.≈≈≈P#.#
#....).............#
########P≈≈≈.≈≈≈P###
###≈≈.≈≈### ##≈.≈##
##P(P## #.@...# #.♣g..♣.#
#...8...# #.♣...♣.#
#.......# # #######


You could see a gnoll (combustible).

Vanquished Creatures
  2 endoplasms (D:1)
  A giant cockroach (D:1)
  5 goblins (D:1)
  5 hobgoblins (D:1)
  A frilled lizard (D:1)
  2 kobolds (D:1)
  6 rats (D:1)
22 creatures vanquished.

Vanquished Creatures (collateral kills)
  A foxfire (D:1)
1 creature vanquished.

Vanquished Creatures (others)
  44 foxfires (D:1)
44 creatures vanquished.

Grand Total: 67 creatures vanquished

Notes
Turn   | Place    | Note
-------+----------+-------------------------------------------
     0 | D:1      | Ijustatesigmund the Hill Orc Fire Elementalist began the
                  | quest for the Orb.
     0 | D:1      | Reached XP level 1. HP: 14/14 MP: 3/3
   521 | D:1      | Reached skill level 1 in Fighting
   521 | D:1      | Reached XP level 2. HP: 23/23 MP: 2/4
   531 | D:1      | Learned a level 2 spell: Scorch
  1092 | D:1      | Reached XP level 3. HP: 28/28 MP: 5/5
  1116 | D:1      | Slain by a gnoll

Illustrated notes

Levels and vault maps discovered:
D:1:      ebering_hopf_link, layout_basic, basic_ecumenical_altar,
          dreamdust_princess_bridge, minmay_tetromino_l2

Skill      XL: |  1 |
---------------+----+-----
Fighting       | 1 |  1.5
Dodging        | |  1.5
Stealth        | |  1.5
Spellcasting   | |  1.5
Conjurations   | |  1.8
Fire Magic     | |  3.7

Action                   || total
-------------------------++-------
Melee: Whip              ||    24
       Punch             ||     1
       War axe           ||     5
 Cast: Foxfire           ||    26
       Scorch            ||     1
  Use: Scroll            ||     1
 Stab: Sleeping          ||     1
Armor: Robe              ||     3
Dodge: Dodged            ||    20

Table legend: (Time is in decaauts)
 A = Elapsed time spent in this place.
 B = Non-inter-level travel time spent in this place.
 C = Inter-level travel time spent in this place.
 D = Time resting spent in this place.
 E = Time spent auto-exploring this place.
 F = Levels seen in this place.
 G = Mean time per level.
                   A        B        C        D        E       F      G
               +--------+--------+--------+--------+--------+-----+--------+
         Total |   1119 |   1119 |      0 |    471 |    489 |   1 | 1119.0 |
       Dungeon |   1119 |   1119 |      0 |    471 |    489 |   1 | 1119.0 |
               +--------+--------+--------+--------+--------+-----+--------+

Top non-repeatable levels by time:
     D:1: 1119 daAuts
